 Dungeon Sprint DCSS version 0.32-a0-798-gfa783ce77f (webtiles) character file.

Game seed: 13010504626629560907

1381 Revguard the Fighter (level 8, -15/78 HPs)
             Began as a Purple Draconian Shapeshifter on Mar 21, 2024.
             Was a Believer of Wu Jian.
             Demolished by a two-headed ogre
             ... wielding a +0 giant club
              (17 damage)
             ... in the Dungeon (Sprint V: "Ziggurat Sprint").
             The game lasted 00:04:38 (362 turns).

Revguard the Fighter (Purple Draconian Shapeshifter) Turns: 362, Time: 00:04:39

Health: -15/78     AC:  6    Str: 25    XL:     8   Next: 39%
Magic:  8/8        EV: 30    Int: 11    God:    Wu Jian [**....]
Gold:   0          SH:  0    Dex: 16    Spells: 7/7 levels left

rFire   . .          .
                       - Unarmed
rCold   . . .        (no shield)
rNeg    . . .        (body armour unavailable)
rPois   .            (helmet currently unavailable)
rElec   .            (cloak currently unavailable)
rCorr   .            (gloves currently unavailable)
SInv    .            (boots currently unavailable)
Will    +....        u - dreamdust necklace {Acrobat}
Stlth   +            z - +6 ring of strength
HPRegen 0.33/turn    v - +6 ring of dexterity
MPRegen 0.11/turn

%: no teleportation, acrobat
@: beast-form, acrobatic
A: beast (slay +4), nullifying breath, AC +6, unfitting armour, cold-blooded
a: Nullifying Breath, Begin Untransformation, Renounce Religion, Wall Jump


You were in the Dungeon.
You worshipped Wu Jian.
Wu Jian was pleased with you.
You were a hulking beast.
You visited 1 branch

Inventory:

Jewellery
 a - a ring of poison resistance
 m - the amulet "Astuxt" {Spirit Rampage +Inv rN+}
   (You found it in the Dungeon)

   [amulet of guardian spirit]

   Spirit:    It causes incoming damage to be divided between your reserves of
   health and magic.
   rN+:       It protects you from negative energy.
   +Inv:      It lets you turn invisible.
   Rampage:   It bestows one free step when moving towards enemies.
 u - the dreamdust necklace (around neck) {Acrobat}
   (You found it in the Dungeon)

   [amulet of the acrobat]

   Acrobat:   It increases your evasion while moving and waiting.
 v - a +6 ring of dexterity (right hand)
 z - a +6 ring of strength (left hand)
Talismans
 b - a beast talisman (active)
 c - a flux talisman
 B - a blade talisman
Scrolls
 i - 2 scrolls of blinking
 o - 4 scrolls of amnesia
 p - 7 scrolls of fog
 q - 5 scrolls of identify
 r - 2 scrolls of fear
Potions
 d - 9 potions of curing
 e - 7 potions of heal wounds
 f - 6 potions of haste
 g - 7 potions of magic
 h - 3 potions of berserk rage
 j - 2 potions of brilliance
 k - 2 potions of invisibility
 l - 4 potions of resistance
 n - 5 potions of might
Miscellaneous
 w - a lightning rod (4/4)


   Skills:
 + Level 9.3 Fighting
 + Level 8.0 Dodging
 + Level 9.1 Unarmed Combat
 + Level 9.2 Evocations
 + Level 8.4 Shapeshifting


You had 7 spell levels left.
You didn't know any spells.
Your spell library contained the following spells:

 Spells                   Type           Power      Damage    Failure   Level
 Brom's Barrelling Bould  Conj/Erth      0%         2d3       98%         4
 Borgnjor's Vile Clutch   Necr/Erth      0%         N/A       100%        5
 Bombard                  Conj/Erth      0%         9d1       100%        6
 Animate Armour           Summ/Erth      Unusable   N/A       N/A         4

Dungeon Overview and Level Annotations

Branches:
Dungeon (1/1)

Altars:
Ashenzari
Cheibriados
Dithmenos
Elyvilon
Fedhas
Gozag
Hepliaklqana
Kikubaaqudgha
Makhleb
Nemelex Xobeh
Okawaru
Qazlal
Ru
Sif Muna
Trog
Uskayaw
Vehumet
Wu Jian
Xom
Yredelemnul
Zin
The Shining One
Beogh
Jiyva
Lugonu

Annotations:
D 1 transporter


Innate Abilities, Weirdness & Mutations

You are a hulking beast.
Your limbs bulge with bestial killing power. (Slay +4)
You can breathe blasts of antimagic.
Your rich purple scales are hard. (AC +6)
You cannot fit into any form of body armour.
You are cold-blooded and may be slowed by cold attacks.


Message History

Ouch! That really hurt!
You feel much better.
Okay, then.
Aiming: Nullifying Breath
Press: ? - help, Shift-Dir - straight line You breathe a sphere of nullifying energy.
The antimagic surges outward!
The nullifying energy engulfs the ogre!
The ogre is heavily wounded.
The nullifying energy engulfs the cyclops!
The cyclops is lightly wounded.
The nullifying energy engulfs the two-headed ogre!
The two-headed ogre is moderately wounded.
The nullifying energy engulfs the cyclops!
The cyclops is moderately wounded.
The ogre hits you with a +0 giant club!
Aiming: Thunderbolt
Press: ? - help, Shift-Dir - straight line
Okay, then.
You spin and attack the ogre.
You punch the ogre!
The ogre is almost dead.
Aiming: Corrosive Bolt
Press: ? - help, Shift-Dir - straight line, f - cyclops
Aim: a cyclops, quivering large rocks (lightly wounded, 98% to hit)
The bolt of acid misses the two-headed ogre.
The bolt of acid hits the cyclops!!
The acid corrodes the cyclops!
The cyclops is severely wounded.
The now-empty wand crumbles to dust.
The cyclops throws a large rock.
The large rock barely misses you.
The cyclops throws a large rock.
The large rock hits you!!
* * * LOW HITPOINT WARNING * * *
You feel much better.
The two-headed ogre completely misses you.
The two-headed ogre barely misses you.
The cyclops throws a large rock.
The large rock barely misses you.
The cyclops throws a large rock.
The large rock hits you!!
Your necklace shatters, unleashing a wave of protective dreams!
You dream of life, friendship, and clouds.
The two-headed ogre attacks as it pursues you!
The two-headed ogre hits you with a +0 giant club!
You die...

▓..©..▓..©..▓▓▓▓▓▓▓
▓▓▓▓▓▓▓▓▓▓▓▓▓▓
▓..ß©ß...▓
▓..:|?...▓
▓.../....▓
▓..§§C§..▓
▓..C§O§..▓
▓..§SOr..▓
▓...§Jhr.▓
▓▓▓▓▓▓▓▓▓▓


You could see a two-headed ogre, an ogre (ally target), a friendly endoplasm
(summoned), a friendly ball python (summoned) and 2 friendly rats.

Vanquished Creatures
  2 ugly things (D)
  A glass eye (D)
  A slime creature (D)
  A basilisk (shapeshifter) (D)
  An ogre (shapeshifter) (D)
  An orc priest (D)
  An orc (D)
  An endoplasm (D)
9 creatures vanquished.

Notes
Turn   | Place    | Note
-------+----------+-------------------------------------------
     0 | D        | Revguard the Draconian Shapeshifter began the quest for the
                  | Orb.
     0 | D        | Reached XP level 1. HP: 16/16 MP: 1/1
     1 | D        | Found a bloodstained altar of Trog.
     1 | D        | Found a shimmering blue altar of Sif Muna.
     1 | D        | Found a sacrificial altar of Ru.
     1 | D        | Found a stormy altar of Qazlal.
     1 | D        | Found an iron altar of Okawaru.
     3 | D        | Found a sparkling altar of Nemelex Xobeh.
     3 | D        | Found a blossoming altar of Fedhas.
     3 | D        | Found the +6 Majin-Bo {spellvamp, MP+6 Int+6}
     3 | D        | Found the +27 heavy crossbow "Sniper" {heavy, Acc+∞ SInv}
     3 | D        | Found the +10 dark maul {heavy}
     3 | D        | Found the +15 Maxwell's patent armour {-Cast -Tele rElec
                  | Will+ rCorr}
     3 | D        | Found the +18 shield of the Gong {Loud rN+ Will+ rCorr
                  | EV-5}
     3 | D        | Found the +16 obsidian axe {drain, demonic, Mesm ^Drain Fly
                  | SInv}
     3 | D        | Found the +7 great mace "Firestarter" {flame, immolate,
                  | rFlCloud rF++}
     3 | D        | Found the +6 shillelagh "Devastator" {shatter}
     3 | D        | Found the +11 plutonium sword {^Contam Stlth-}
     3 | D        | Found the +8 lance "Wyrmbane" {slay drac, rPois rF+ rC+
                  | AC+3}
     3 | D        | Found the +9 sword of Zonguldrok {reap}
     3 | D        | Found the +13 scythe of Curses {drain, curses, ^Drain}
     3 | D        | Found the +9 sword of Power {lifebolt}
     3 | D        | Found the +7 mace of Variability {chaos, chaos arc}
     3 | D        | Found the +11 Singing Sword {sonic wave}
     3 | D        | Found the +8 storm bow {elec, penet}
     5 | D        | Found a transporter.
     5 | D        | Found an ancient bone altar of Kikubaaqudgha.
     5 | D        | Found a viscous altar of Jiyva.
     5 | D        | Found a corrupted altar of Lugonu.
     5 | D        | Found a hazy altar of Hepliaklqana.
     5 | D        | Found a burning altar of Makhleb.
     5 | D        | Found an opulent altar of Gozag.
    24 | D        | Became a worshipper of the Wu Jian Council
    38 | D        | Reached XP level 2. HP: 26/26 MP: 2/2
    45 | D        | Entered arena 2.
    45 | D        | Found a transporter.
    53 | D        | Reached XP level 3. HP: 24/33 MP: 3/3
    56 | D        | Got the amulet "Astuxt" {Spirit Rampage +Inv rN+}
    90 | D        | Entered arena 3.
    90 | D        | Found the dreamshard necklace {Acrobat *Dream}
    90 | D        | Noticed a slime creature
    90 | D        | Noticed a glass eye
    90 | D        | Found a transporter.
   100 | D        | Killed a slime creature
   100 | D        | Reached * piety under Wu Jian
   101 | D        | Reached skill level 5 in Dodging
   101 | D        | Reached skill level 5 in Evocations
   101 | D        | Reached skill level 5 in Shapeshifting
   101 | D        | Reached XP level 4. HP: 30/44 MP: 2/4
   101 | D        | Reached XP level 5. HP: 34/50 MP: 2/5
   105 | D        | Killed a glass eye
   106 | D        | Reached XP level 6. HP: 43/60 MP: 2/6
   165 | D        | Entered arena 4.
   165 | D        | Noticed a green ugly thing
   165 | D        | Noticed a basilisk
   165 | D        | Noticed a purple ugly thing
   165 | D        | Found a transporter.
   168 | D        | Reached ** piety under Wu Jian
   169 | D        | Killed a purple ugly thing
   170 | D        | Your scales start taking on a rich purple colour.
   170 | D        | Reached XP level 7. HP: 47/69 MP: 7/7
   173 | D        | Killed a basilisk
   185 | D        | Killed a green ugly thing
   186 | D        | Reached XP level 8. HP: 38/78 MP: 8/8
   217 | D        | Got Teiroid's Tractate on Quicksand
   355 | D        | Entered arena 5.
   355 | D        | Noticed a cyclops
   355 | D        | Noticed a cyclops
   355 | D        | Noticed a two-headed ogre
   355 | D        | Found a transporter.
   361 | D        | Saved by the dreamshard amulet
   362 | D        | Demolished by a two-headed ogre

Illustrated notes

Levels and vault maps discovered:
D:        sprint_v [room_start, room_1, room_2, room_3, room_4, room_5, room_6,
          room_7, room_8, room_9, room_10, room_11, room_12, room_13, room_14,
          room_15, room_16, room_17, room_18, room_19, room_20, room_21,
          room_22, room_23, room_24, room_25, room_26, room_27]

Skill      XL: |  1  2  3  4  5  6  7 |
---------------+----------------------+-----
Fighting       | 3 4 6 7 8 9 |  9.3
Dodging        | 3 5 6 7 8 |  8.0
Unarmed Combat | 4 6 7 8 9 |  9.1
Evocations     | 3 5 6 8 9 |  9.2
Shapeshifting  | 4 5 6 7 8 |  8.4

Action                     |  1- 3 |  4- 6 |  7- 9 || total
---------------------------+-------+-------+-------++-------
  Melee: Unarmed           |    13 |     5 |     6 ||    24
         Tailslap          |     1 |     2 |       ||     3
         Punch             |     1 |       |       ||     1
Ability: Lunge             |     1 |       |       ||     1
         Whirlwind         |       |       |     2 ||     2
         Nullifying Breath |       |       |     1 ||     1
  Evoke: Wand              |     2 |     4 |     8 ||    14
    Use: Potion            |     1 |       |     5 ||     6
         Scroll            |     1 |       |     1 ||     2
 Armour: Skin              |     5 |     3 |    14 ||    22
  Dodge: Dodged            |     6 |       |     8 ||    14

Table legend: (Time is in decaauts)
 A = Elapsed time spent in this place.
 B = Non-inter-level travel time spent in this place.
 C = Inter-level travel time spent in this place.
 D = Time resting spent in this place.
 E = Time spent auto-exploring this place.
 F = Levels seen in this place.
 G = Mean time per level.
                   A        B        C        D        E       F      G
               +--------+--------+--------+--------+--------+-----+--------+
         Total |    358 |    358 |      0 |    218 |      0 |   1 |  358.0 |
       Dungeon |    358 |    358 |      0 |    218 |      0 |   1 |  358.0 |
               +--------+--------+--------+--------+--------+-----+--------+

Top non-repeatable levels by time:
       D: 358 daAuts
